 Dungeon Crawl Stone Soup version 0.24-a0-201-gf205589 (webtiles) character file.

Game seed: 4193997561107101890

1036 Ivan the Covered (level 8, -1/68 HPs)
             Began as a Hill Orc Berserker on Mar 21, 2019.
             Was an Initiate of Beogh.
             Slain by an ogre
             ... wielding a +0 giant spiked club
              (14 damage)
             ... on level 5 of the Dungeon.
             The game lasted 00:10:29 (2891 turns).

Ivan the Covered (Hill Orc Berserker)               Turns: 2891, Time: 00:10:30

Health: -1/68      AC: 14    Str: 19 (22) XL:     8   Next: 24%
Magic:  8/8        EV:  7    Int:  7      God:    Beogh [......]
Gold:   241        SH:  3    Dex: 13 (14) Spells: 7/7 levels left

rFire    . . .     SeeInvis .   a - +0 spear
rCold    . . .     Gourm    .   (no shield)
rNeg     . . .     Faith    .   i - +0 plate armour
rPois    .         Spirit   .   (no helmet)
rElec    .         Reflect  +   (no cloak)
rCorr    .         Harm     .   f - +0 pair of gloves
MR       .....     Rnd*Tele +   (no boots)
Stlth    ..........             v - +3 amulet of reflection
HPRegen  0.21/turn              o - ring of teleportation (curse)
MPRegen  0.11/turn              s - +4 ring of dexterity

@: berserk cooldown, very slightly contaminated, starving, slowed, invisible,
very slow
A: no striking features
a: Renounce Religion


You were on level 5 of the Dungeon.
You worshipped Beogh.
Beogh was noncommittal.
You were starving.

You visited 1 branch of the dungeon, and saw 5 of its levels.

You collected 241 gold pieces.

Inventory:

Hand Weapons
 a - a +0 spear (weapon)
Armour
 f - a +0 pair of gloves (worn)
 i - a +0 plate armour (worn)
Jewellery
 o - a cursed ring of teleportation (left hand)
 s - a +4 ring of dexterity (right hand)
 v - a +3 amulet of reflection (around neck)
Wands
 r - a wand of paralysis (11)
Scrolls
 b - 3 scrolls of amnesia {unknown}
 g - a scroll of random uselessness {unknown}
 h - a scroll of immolation {unknown}
 j - 3 scrolls of magic mapping {unknown}
 k - 2 scrolls of enchant weapon {unknown}
 l - a scroll of enchant armour {unknown}
 m - 7 scrolls of identify {unknown}
 w - a scroll of blinking {unknown}
 y - a scroll of teleportation {unknown}
 z - a scroll of remove curse {unknown}
Potions
 d - 2 potions of might {unknown}
 n - 2 potions of flight {unknown}
 p - 2 potions of curing
 x - a potion of invisibility
Comestibles
 c - 8 rations


   Skills:
 + Level 5.1 Fighting
 + Level 6.7 Polearms
 * Level 6.8 Armour
 * Level 3.3 Dodging


You had 7 spell levels left.
You didn't know any spells.
Your spell library was empty.

Dungeon Overview and Level Annotations

Branches:
Dungeon (5/15)             Temple (0/1) D:4

Altars:


Message History

The frilled lizard hisses.
The frilled lizard closely misses you.
The ogre closely misses the freed slave.
The frilled lizard misses the freed slave.
You catch the helpless frilled lizard completely off-guard!
You puncture the frilled lizard!
You kill the frilled lizard!
Beogh accepts your kill.
You feel a strong urge to attack something.
You feel your anger nearly subside.
You are no longer berserk.
You are exhausted.
You feel yourself slow down.
Found a curved copper wand.
You closely miss the ogre.
The ogre hits you with a +0 giant spiked club!!
* * * LOW HITPOINT WARNING * * *
You hit the ogre.
The ogre is lightly wounded.
The ogre hits you with a +0 giant spiked club!
You die...

...... ...... .
......###.....##..
. #...............
.
.##.......#.%....
..........#.....
##
.............##./#
#...)...#......
##..............
.##......O@.###
...p......####
.........##
.......>..
..###..#... .
#p.##... .... ....
.#.. ...## ..##
..##


You could see an ogre and a neutral freed slave (wandering).

Vanquished Creatures
  Pikel (D:5)
  Sigmund (D:3)
  A sky beast (D:4)
  A phantom (D:4)
  An orc priest (D:3)
  A bullfrog skeleton (D:4)
  A hound (D:4)
  6 adders
  An ooze (D:2)
  A worm (D:2)
  5 leopard geckos
  8 orcs (D:3)
  8 giant cockroaches
  9 goblins
  8 hobgoblins
  A quokka (D:3)
  9 bats
  8 frilled lizards
  5 kobolds
  7 rats
83 creatures vanquished.

Notes
Turn   | Place    | Note
-------+----------+-------------------------------------------
     0 | D:1      | Ivan the Hill Orc Berserker began the quest for the Orb.
     0 | D:1      | Reached XP level 1. HP: 19/19 MP: 1/1
   155 | D:1      | Reached XP level 2. HP: 20/27 MP: 2/2
   457 | D:1      | Reached XP level 3. HP: 32/33 MP: 3/3
   772 | D:2      | Reached ** piety under Trog
   996 | D:2      | Reached XP level 4. HP: 38/40 MP: 4/4
  1410 | D:3      | Reached XP level 5. HP: 31/46 MP: 5/5
  1626 | D:3      | Noticed Sigmund
  1674 | D:3      | Killed Sigmund
  1674 | D:3      | Reached skill level 5 in Polearms
  1674 | D:3      | Reached XP level 6. HP: 34/53 MP: 6/6
  1820 | D:3      | Reached *** piety under Trog
  2232 | D:4      | Noticed a sky beast
  2274 | D:4      | Killed a sky beast
  2274 | D:4      | Reached skill level 5 in Armour
  2406 | D:4      | Noticed a phantom
  2420 | D:4      | Reached XP level 7. HP: 56/60 MP: 7/7
  2516 | D:4      | Found a staircase to the Ecumenical Temple.
  2518 | D:4      | Fell from the grace of Trog
  2518 | D:4      | Became a worshipper of Beogh the Brigand
  2834 | D:5      | Entered Level 5 of the Dungeon
  2841 | D:5      | Noticed Pikel
  2881 | D:5      | Killed Pikel
  2881 | D:5      | Reached skill level 5 in Fighting
  2881 | D:5      | Reached XP level 8. HP: 48/68 MP: 8/8
  2891 | D:5      | Slain by an ogre

Levels and vault maps discovered:
D:1:      lightli_arrival_farm, layout_basic
D:2:      layout_loops_ring
D:3:      layout_loops_ring, first_ration, minmay_fractal_squares_diagonal_5,
          uniq_sigmund
D:4:      layout_loops_cross, minmay_temple_entry_large_hall,
          chequers_arboretum, kennysheep_small_square
D:5:      layout_cave_pools, hangedman_decor_growths, uniq_pikel

Skill      XL: |  1  2  3  4  5  6  7 |
---------------+----------------------+-----
Fighting       | 4 5 |  5.1
Polearms       | 4 5 6 |  6.7
Dodging        | 2 3 |  3.3
Armour         | 3 4 5 6 |  6.8

Action                   |  1- 3 |  4- 6 |  7- 9 || total
-------------------------+-------+-------+-------++-------
Melee: Spear             |   169 |   274 |    80 ||   523
Invok: Convert to Beogh  |       |       |     1 ||     1
  Use: Potion            |       |     2 |     7 ||     9
 Stab: Sleeping          |     1 |       |       ||     1
       Invisible         |       |       |     2 ||     2
  Eat: Chunk             |       |     5 |       ||     5
Armor: Animal skin       |     3 |       |       ||     3
       Plate armour      |    79 |   142 |    76 ||   297
Dodge: Dodged            |    47 |    61 |    53 ||   161
Block: Other             |       |     5 |    21 ||    26

Table legend:
 A = Non-vault XP
 B = Vault XP
 C = Vault XP percentage of total XP
 D = Non-vault monster count
 E = Vault monster count
 F = Vault count percentage of total count
                 A         B        C        D         E       F
            +---------+---------+-------+---------+---------+-------
      Total |     468 |    1013 |  68.4 |      73 |      10 |  12.0
            +---------+---------+-------+---------+---------+-------
        D:1 |      37 |       0 |   0.0 |      20 |       0 |   0.0
        D:2 |      87 |       0 |   0.0 |      28 |       0 |   0.0
        D:3 |      91 |     260 |  74.1 |      20 |       7 |  25.9
        D:4 |     251 |      80 |  24.2 |       3 |       2 |  40.0
        D:5 |       2 |     673 |  99.7 |       2 |       1 |  33.3
            +---------+---------+-------+---------+---------+-------
